[Event "*** Titled Tuesday Blitz"]
[Site "Chess.com"]
[Date "2020.11.03"]
[Round "5"]
[White "Lady_Nika"]
[Black "Margarita2907"]
[Result "0-1"]
[WhiteElo "2444"]
[BlackElo "2241"]
[TimeControl "180+1"]
[EndTime "10:58:46 PST"]
[Termination "Margarita2907 won by resignation"]

1. d4 d5 2. e3 Nf6 3. Bd3 e6 4.
f4 Bd6 5. Nf3 O-O 6. Nbd2 b6 7.
Qe2 Bb7 8. O-O Nbd7 9. Ne5 c5 10.
c3 Qc7 11. Rf3 Ne4 12. Rh3 f6 13. Nxd7 Qxd7 14. Nxe4 dxe4 15. Bc4 Rfe8 16. f5 Bd5 17. Bxd5 exd5 18. Qh5 h6 19. Qg4 Kh8 20. Bd2 b5 21. Rf1 b4 22. Qh4 bxc3 23. Bxc3 cxd4 24. Bxd4 Be5 25. Bxe5 Rxe5 26. Qf4 d4 27. exd4 Qxd4+ 28.
Kh1 Qd7 29. Re1 Rae8 30. Rh5 e3 31. h3 e2 32. a3 Rd5 33. Qh4 Rd1 34. Kh2 Rxe1 35.
Qxe1 Qd1 36. Qh4 Qd6+ 37. g3 e1=Q 38. Rxh6+ gxh6 39. Qxh6+ Kg8 40. Qg6+ Kf8 41. Qh6+ Ke7 42. Qe3+ Qxe3 0-1

[Event "*** Titled Tuesday Blitz"]
[Site "Chess.com"]
[Date "2020.11.03"]
[Round "5"]
[White "talman67"]
[Black "chito89"]
[Result "0-1"]
[WhiteElo "2549"]
[BlackElo "2787"]
[TimeControl "180+1"]
[EndTime "10:58:48 PST"]
[Termination "chito89 won by resignation"]

1. e4 e5 2. Nf3 Nc6 3. Bb5 a6 4. Ba4 Nf6 5. O-O b5 6. Bb3 Bb7 7. c3 Be7 8. Re1 d5 9. exd5 Nxd5 10. Nxe5 Nxe5 11. Rxe5 O-O 12. d4 Qd6 13. Nd2 Rad8 14. Ne4 Qg6 15. Qh5 Qxh5 16. Rxh5 f5 17. Ng5 Rf6 18. Nxh7 Re6 19. Kf1 g6 20. Rh3 f4 21.
Bd2 Kg7 22. Bxd5 Rxd5 23. Bxf4 c5 24. Re1 Rxe1+ 25. Kxe1 Bc8 26. Re3 Bd8 27. Re8 Kxh7 28. Be5 g5 29. Ke2 Bb7 30. f3 Bc6 31. h3 Bxe8 0-1

[Event "*** Titled Tuesday Blitz"]
[Site "Chess.com"]
[Date "2020.11.03"]
[Round "5"]
[White "Happy1712Drummer"]
[Black "Das_Virus_2020"]
[Result "0-1"]
[WhiteElo "2195"]
[BlackElo "2408"]
[TimeControl "180+1"]
[EndTime "10:58:48 PST"]
[Termination "Das_Virus_2020 won on time"]

1. f4 f5 2. Nf3 Nf6 3. g3 g6 4.
Bg2 Bg7 5. O-O O-O 6. d3 d6 7. Nc3 Nc6 8. e4 e6 9. Qe2 Re8 10. Kh1 Bd7 11. e5 Ng4 12. d4 d5 13. h3 Nh6 14.
Ng5 Nf7 15. Nxf7 Kxf7 16. Be3 Ne7 17. g4 b6 18. a4 Rc8 19. a5 c5 20. axb6 axb6 21. Ra7 cxd4 22. Bxd4 Nc6 23. Bxb6 Qxb6 24. Rxd7+ Re7 25. Rxe7+ Nxe7 26. gxf5 Nxf5 27. Nxd5 exd5 28.
Bxd5+ Ke8 29. Qd3 Rd8 30. c4 Qxb2 31. Rb1 Ng3+ 32. Kg1 Ne2+ 33. Kf2 Nxf4+ 34. Kf3 Nxd3 0-1

[Event "*** Titled Tuesday Blitz"]
[Site "Chess.com"]
[Date "2020.11.03"]
[Round "5"]
[White "Witik"]
[Black "Sebastian"]
[Result "0-1"]
[WhiteElo "2631"]
[BlackElo "2894"]
[TimeControl "180+1"]
[EndTime "10:58:49 PST"]
[Termination "Sebastian won by resignation"]

1. d4 Nf6 2. Bf4 d5 3. e3 e6 4. Nd2 Bd6 5. c3 O-O 6. Bg3 c5 7. Ngf3 Qc7 8. dxc5 Qxc5 9. c4 Bxg3 10. hxg3 dxc4 11. Bxc4 Rd8 12. Rc1 Qa5 13. Qc2 Nc6 14.
O-O Bd7 15. Ne4 Nxe4 16. Qxe4 Be8 17. a3 Rac8 18. Bd3 g6 19. Bb1 h6 20. Qf4 Kg7 21.
g4 Qc7 22. Qc4 Qe7 23. Be4 Qf6 24. Qc3 b6 25. b4 Nd4 26. Qa1 Ne2+ 27. Kh2 Nxc1 28.
Rxc1 Qxa1 29. Rxa1 Rc3 30. Nd4 e5 31. Ne2 Rc4 32.
f3 Rd2 33. Nc1 Rd1 34. Kg3 Rcxc1 0-1

[Event "*** Titled Tuesday Blitz"]
[Site "Chess.com"]
[Date "2020.11.03"]
[Round "5"]
[White "levallem"]
[Black "WeAintSurePal"]
[Result "1-0"]
[WhiteElo "2247"]
[BlackElo "2344"]
[TimeControl "180+1"]
[EndTime "10:58:49 PST"]
[Termination "levallem won by checkmate"]

1. e4 c6 2. d4 d5 3. e5 c5 4. c3 Nc6 5. f4 cxd4 6. cxd4 Nh6 7. Nc3 Bg4 8. Be2 Bxe2 9. Ncxe2 e6 10. Nf3 Bb4+ 11.
Bd2 Qa5 12. O-O Nf5 13. Bxb4 Qxb4 14. Qd3 h5 15. a3 Qc4 16. Qxc4 dxc4 17. Rfc1 b5 18.
a4 bxa4 19. Rxc4 Kd7 20. Raxa4 Rab8 21. b4 Ne3 22. Rxc6 Kxc6 23. Rxa7 Rb7 24. b5+ Kb6 25. Ra3 Nd5 26. Rb3 Ka5 27. Kf2 Rxb5 28. Ra3+ Kb6 29. Ng5 Rf8 30. g3 g6 31. h4 Kc7 32. Ne4 Kb8 33. Nd6 Rb2 34. Kf3 f5 35. Nc3 Nxc3 36.
Rxc3 Rf7 37. Nxf7 Kb7 38. Nd6+ Ka6 39. Rc6+ Ka7 40. Rc7+ Kb8 41. Rg7 Rb3+ 42. Kg2 Rb2+ 43. Kh3 Rd2 44. Rxg6 Rxd4 45. Rxe6 Rd3 46. Nxf5 Kc7 47.
Rh6 Kd7 48. Rxh5 Ke6 49. Kg4 Rd8 50. Rh6+ Kf7 51. Rf6+ Kg8 52. h5 Rd7 53. h6 Kh7 54. Kg5 Rd8 55. e6 Rg8+ 56. Kh5 Re8 57. Rf7+ Kh8 58.
e7 Rg8 59. Rf8 Kh7 60. Rxg8 Kxg8 61. e8=Q+ Kh7 62. Qf7+ Kh8 63. Qg7# 1-0

[Event "*** Titled Tuesday Blitz"]
[Site "Chess.com"]
[Date "2020.11.03"]
[Round "5"]
[White "maicolbenavides"]
[Black "MYMChessAcademy"]
[Result "1-0"]
[WhiteElo "2239"]
[BlackElo "2058"]
[TimeControl "180+1"]
[EndTime "10:58:50 PST"]
[Termination "maicolbenavides won by checkmate"]

1. e4 c5 2. Nf3 d6 3. d4 cxd4 4. Nxd4 a6 5. Nc3 e6 6. Be2 b5 7.
O-O Bb7 8. f4 b4 9. Na4 Bxe4 10.
Bf3 Bxf3 11. Qxf3 Nd7 12. Bd2 Ngf6 13. Rae1 Rc8 14. Bxb4 Rc4 15. c3 Qc7 16. b3 Rc5 17. Bxc5 dxc5 18. Qc6 Qxc6 19. Nxc6 Be7 20. f5 e5 21.
Nxe5 Nxe5 22. Rxe5 Nd7 23. Re2 f6 24. Re6 Kf7 25.
Rxa6 Ne5 26. Ra7 Rc8 27. Rd1 c4 28. Nb6 Rb8 29. Nd7 Nxd7 30. Rdxd7 Re8 31. Rxe7+ Rxe7 32. Rxe7+ Kxe7 33. b4 Kd6 34. a4 Kc6 35. Kf2 g6 36. fxg6 hxg6 37. Ke3 g5 38. Ke4 f5+ 39. Kxf5 Kd5 40.
Kxg5 Ke4 41. h4 Kd3 42. h5 Kxc3 43. h6 Kxb4 44. h7 c3 45. h8=Q Kb3 46. Qxc3+ Kxc3 47. a5 Kb4 48. a6 Kb5 49. a7 Kb6 50. a8=Q Kb5 51. Qc8 Kb6 52. Kf6 Ka7 53. g4 Kb6 54. g5 Ka7 55. Qc6 Kb8 56. Qd7 Ka8 57. g6 Kb8 58. g7 Ka8 59. g8=Q# 1-0

[Event "*** Titled Tuesday Blitz"]
[Site "Chess.com"]
[Date "2020.11.03"]
[Round "5"]
[White "FMalexhdez"]
[Black "IMDT02"]
[Result "0-1"]
[WhiteElo "2297"]
[BlackElo "2526"]
[TimeControl "180+1"]
[EndTime "10:58:51 PST"]
[Termination "IMDT02 won on time"]

1. e4 c5 2. Nf3 Nc6 3. d4 cxd4 4.
Nxd4 Nf6 5. Nc3 d6 6. Be2 e5 7. Nb3 Be7 8. O-O Be6 9. f4 a5 10. f5 Bd7 11. a4 Nb4 12. Kh1 Bc6 13. Bf3 O-O 14. Qe2 Rc8 15. g4 d5 16. Nxd5 Bxd5 17. exd5 Rxc2 18. Qb5 e4 19. Bd1 Rc8 20. g5 Nfxd5 21. f6 gxf6 22. gxf6 Bxf6 23. Bh6 Re8 24. Bh5 Qe7 25. Rg1+ Kh8 26. Rg2 Rg8 27. Rag1 Rxg2 28. Rxg2 Rg8 29. Rxg8+ Kxg8 30. Qxa5 Bg7 31. Bxg7 Kxg7 32. Qb6 Qg5 33. Qg1 h6 34. Be2 f5 35.
Nc5 Qxg1+ 36. Kxg1 b6 37. Nd7 Kf7 38. Kf2 Ke7 39.
Ne5 Ke6 40. Nc4 f4 41. Bd1 Nd3+ 42. Ke2 Ne5 43. Nxe5 Kxe5 44. b3 Nc3+ 0-1

[Event "*** Titled Tuesday Blitz"]
[Site "Chess.com"]
[Date "2020.11.03"]
[Round "5"]
[White "Maxim_e2e4"]
[Black "ciucas1892"]
[Result "0-1"]
[WhiteElo "2370"]
[BlackElo "2275"]
[TimeControl "180+1"]
[EndTime "10:58:51 PST"]
[Termination "ciucas1892 won on time"]

1. e4 c5 2. Nf3 Nc6 3. d4 cxd4 4. Nxd4 g6 5. c4 Nf6 6. Nc3 d6 7. Be2 Nxd4 8. Qxd4 Bg7 9. Be3 O-O 10. Qd2 a5 11. f3 a4 12. Kf2 Qa5 13. Rhd1 Be6 14.
Nd5 Nxd5 15. cxd5 Bd7 16. Qxa5 Rxa5 17. Rac1 Bxb2 18. Rc7 Bc8 19. Rd2 Bf6 20. Rdc2 Ra8 21.
g4 e6 22. g5 Bg7 23. Bc4 exd5 24. Bxd5 Be6 25. Bxe6 fxe6 26. Rxb7 Rfc8 27. Rbc7 Rxc7 28. Rxc7 Rb8 29. Rc2 d5 30. exd5 exd5 31. Ke2 Be5 32. Kd3 Kf7 33. f4 Bd6 34. Kd4 Ke6 35. Re2 Rb4+ 36. Kc3 Re4 37. Kd3 Kf5 38. Rf2 Rxe3+ 39. Kxe3 Bc5+ 0-1

[Event "*** Titled Tuesday Blitz"]
[Site "Chess.com"]
[Date "2020.11.03"]
[Round "5"]
[White "Grandelicious"]
[Black "Yashasd1995"]
[Result "0-1"]
[WhiteElo "2781"]
[BlackElo "2577"]
[TimeControl "180+1"]
[EndTime "10:58:52 PST"]
[Termination "Yashasd1995 won on time"]

1. Nf3 Nf6 2. g3 d5 3. Bg2 c6 4. O-O Nbd7 5. d4 e6 6. c4 b6 7. Nc3 a5 8. Ne5 Nxe5 9. dxe5 Nd7 10. cxd5 cxd5 11. e4 d4 12. Qxd4 Bc5 13. Qa4 O-O 14. Bf4 g5 15. Bd2 Nxe5 16. Rad1 Ba6 17. Be3 Qe7 18.
Rfe1 Rad8 19. Bxc5 Qxc5 20. Qc2 h6 21. h3 Bd3 22. Qc1 Kg7 23. Re3 Ba6 24. Kh2 Nd3 25. Qc2 Nb4 26. Qb1 Nc6 27. Rc1 Rd2 28. Nd1 Qd6 29.
e5 Nxe5 30. Qe4 Ng6 31. Re1 Bd3 32. Qe3 Bf5 33. Rc6 Qd7 34. Rxb6 Rxd1 35. Rxd1 Qxd1 36.
g4 Bb1 37. Qc3+ e5 38. Qxa5 Qd4 39. Qa7 Nf4 0-1

[Event "*** Titled Tuesday Blitz"]
[Site "Chess.com"]
[Date "2020.11.03"]
[Round "5"]
[White "SamuelGhimpu2003"]
[Black "Jospem"]
[Result "0-1"]
[WhiteElo "2540"]
[BlackElo "2999"]
[TimeControl "180+1"]
[EndTime "10:58:52 PST"]
[Termination "Jospem won by resignation"]

1. d4 Nf6 2. c4 e6 3. Nc3 Bb4 4. Qc2 d6 5. Nf3 Nbd7 6. a3 Bxc3+ 7. Qxc3 b6 8. b3 Bb7 9. Bb2 Qe7 10. e3 O-O 11.
Qc2 c5 12. Bd3 cxd4 13. exd4 Bxf3 14. gxf3 d5 15. O-O-O Rfc8 16. Kb1 a5 17. a4 Nb8 18.
c5 Nc6 19. Bb5 Nb4 20. Qe2 Rab8 21. Rhg1 g6 22. Rc1 Nh5 23. Qe3 Ng7 24. Rg5 Qf6 25. Rcg1 Nf5 26. Qf4 Kg7 27. h4 h6 28. R5g4 Ne7 29.
Qe3 Qf5+ 30. Re4 Kh7 31. Kc1 dxe4 32. fxe4 Qf6 33. d5 Rxc5+ 34. Qxc5 Qxb2+ 35. Kxb2 bxc5 36. d6 Nec6 37. Rc1 Rd8 0-1

[Event "*** Titled Tuesday Blitz"]
[Site "Chess.com"]
[Date "2020.11.03"]
[Round "5"]
[White "ApacheSVD"]
[Black "Ranindu2003"]
[Result "1-0"]
[WhiteElo "2427"]
[BlackElo "2568"]
[TimeControl "180+1"]
[EndTime "10:58:52 PST"]
[Termination "ApacheSVD won on time"]

1. e4 g6 2. d4 Bg7 3. Nc3 d6 4.
f4 a6 5. Nf3 b5 6. Bd3 Bb7 7.
O-O Nd7 8. e5 c5 9. Be4 Bxe4 10.
Nxe4 cxd4 11. exd6 Qb6 12. a4 Ngf6 13. Nxf6+ Bxf6 14. dxe7 Bxe7 15. Qe1 Qc5 16. axb5 O-O 17. bxa6 Bf6 18. b4 Qb6 19. Kh1 Rxa6 20. Rxa6 Qxa6 21. Ne5 Re8 22. Qf2 Nxe5 23. fxe5 Rxe5 24. b5 Qb6 25. h3 Rf5 26. Qe2 Rxf1+ 27. Qxf1 Be7 28. Qd3 Bc5 29. Bh6 Qe6 30. Qg3 Bd6 31. Bf4 Be7 32. Qg4 Qe1+ 33. Kh2 f5 34. Qg3 Qe6 35. Qf3 Kg7 36.
Qc6 1-0

[Event "*** Titled Tuesday Blitz"]
[Site "Chess.com"]
[Date "2020.11.03"]
[Round "5"]
[White "TheCairnTerrier"]
[Black "MF1966Idrisov"]
[Result "0-1"]
[WhiteElo "2192"]
[BlackElo "2347"]
[TimeControl "180+1"]
[EndTime "10:58:52 PST"]
[Termination "MF1966Idrisov won on time"]

1. e4 d5 2. exd5 Qxd5 3. Nc3 Qd6 4. d4 a6 5. h3 Nf6 6. Nf3 Bf5 7. Bd3 Bg6 8. O-O e6 9. Ne5 Be7 10. Bf4 Qb4 11.
a3 Qb6 12. Na4 Qa5 13. c4 c6 14. b4 Qd8 15. Bxg6 hxg6 16. Qd3 O-O 17. Rad1 Nbd7 18.
Rfe1 Rc8 19. Qe3 b5 20. Nc3 bxc4 21. Nxg6 fxg6 22. Qxe6+ Rf7 23. d5 Nxd5 24. Nxd5 cxd5 25. Rxd5 Qb6 26. Rxd7 Qxe6 27. Rxe6 Bf6 28. Rxf7 Kxf7 29.
Re2 g5 30. Rc2 gxf4 31. Kf1 c3 32. Ke2 Rd8 33. a4 g5 34. b5 axb5 35. axb5 Rb8 36. g3 fxg3 37. fxg3 Rxb5 38. Kd3 Rd5+ 39. Ke3 Ke6 40.
g4 Be5 41. Rc1 Rd8 42. Kf3 Rd3+ 43. Kg2 Rd2+ 44. Kf3 c2 45. Ke3 Bf4+ 46. Kf3 Rd3+ 47. Ke2 Rc3 48. Re1 c1=Q 0-1

[Event "*** Titled Tuesday Blitz"]
[Site "Chess.com"]
[Date "2020.11.03"]
[Round "5"]
[White "DonBroca"]
[Black "AniJak"]
[Result "1-0"]
[WhiteElo "2105"]
[BlackElo "2304"]
[TimeControl "180+1"]
[EndTime "10:58:52 PST"]
[Termination "DonBroca won by resignation"]

1. e4 c5 2. d4 cxd4 3. c3 dxc3 4.
Nxc3 d6 5. Bc4 e6 6. Nf3 Be7 7. O-O Nf6 8. Qe2 a6 9. Rd1 Qc7 10. Bf4 e5 11. Be3 O-O 12. Rac1 Qd8 13. Nxe5 b5 14. Bd5 Nxd5 15. Nxd5 dxe5 16. Bb6 Qd7 17. Rc7 Qg4 18. f3 Qe6 19. Rxe7 Qh6 20. Be3 Qh4 21. g3 Qh3 22. Nc7 Nc6 23. Nxa8 Nxe7 24. Nb6 Be6 25. Nd7 Bxd7 26. Bc5 Qe6 27. Rd6 Qh3 28. Qd2 Be6 29. Rd8 Bd7 30. Qxd7 Qxd7 31. Rxd7 Ng6 32. Bxf8 Nxf8 33. Ra7 h6 34. Rxa6 b4 35.
Rb6 Ne6 36. Rxe6 fxe6 37. a4 Kf7 38. Kf2 Ke7 39. Ke3 Kd7 40. Kd3 Kc6 41. Kc4 Kb6 42.
Kxb4 Ka6 43. Kc5 1-0

[Event "*** Titled Tuesday Blitz"]
[Site "Chess.com"]
[Date "2020.11.03"]
[Round "5"]
[White "HanSchut"]
[Black "annacramling"]
[Result "0-1"]
[WhiteElo "2187"]
[BlackElo "1978"]
[TimeControl "180+1"]
[EndTime "10:58:52 PST"]
[Termination "annacramling won on time"]

1. e4 c5 2. Nf3 Nc6 3. d4 cxd4 4. Nxd4 Nf6 5. Nc3 e6 6. Ndb5 d6 7. Bf4 e5 8. Bg5 a6 9. Na3 b5 10. Bxf6 gxf6 11. Nd5 f5 12. c3 Bg7 13. exf5 Bxf5 14. Nc2 Be6 15. a4 Bxd5 16. Qxd5 Ne7 17. Qf3 bxa4 18.
Rxa4 O-O 19. Bxa6 Qb6 20. Nb4 d5 21. O-O e4 22. Qd1 Rfd8 23. Be2 d4 24. Bc4 dxc3 25. bxc3 Rxd1 26. Rxa8+ Rd8 27. Ra6 Qb7 28. Rfa1 Bxc3 29. R1a4 Bxb4 30. Ra7 Rd1+ 31. Bf1 Qb5 32. h4 Qxf1+ 33.
Kh2 Qh1+ 34. Kg3 Bd6+ 0-1

[Event "*** Titled Tuesday Blitz"]
[Site "Chess.com"]
[Date "2020.11.03"]
[Round "5"]
[White "Rud_Makarian"]
[Black "Rap_woyska"]
[Result "1-0"]
[WhiteElo "2776"]
[BlackElo "2522"]
[TimeControl "180+1"]
[EndTime "10:58:54 PST"]
[Termination "Rud_Makarian won by resignation"]

1. d4 Nf6 2. c4 c6 3. Nf3 d5 4. Nc3 a6 5. g3 dxc4 6. Bg2 e6 7.
Ne5 c5 8. dxc5 Qxd1+ 9. Nxd1 Bxc5 10. Nxc4 Nc6 11. O-O Bd7 12. Nc3 b5 13. Ne5 Rc8 14.
Nxd7 Kxd7 15. Rd1+ Ke7 16. Bg5 h6 17. Bxf6+ gxf6 18.
Rac1 Ne5 19. e3 Rhd8 20. Rxd8 Rxd8 21. Rd1 Rxd1+ 22. Nxd1 f5 23. Kf1 Nd3 24. Bb7 a5 25. Ba6 Nb4 26. Bxb5 Nxa2 27. Ke2 Kd6 28. Kf3 Ke5 29.
Be8 f6 30. Kg2 Bb4 31. Bb5 Nc1 32. Bc4 a4 33. Bb5 a3 34. bxa3 Bxa3 35. Bc4 Kd6 36.
Kh3 e5 37. Kh4 e4 38. Kh5 Nd3 39. Bxd3 exd3 40. Kxh6 d2 41. Kg7 Kd5 42. h4 Kc4 43.
h5 Kd3 44. h6 Ke2 45. h7 Kxd1 46. h8=Q Kc1 47. Qc8+ Kb1 48. Qxf5+ Kc1 49. Qc8+ Kb1 50. Qd7 Kc1 51. Qc6+ Kb1 52. Qa4 Bb2 53. Qd1+ 1-0

[Event "*** Titled Tuesday Blitz"]
[Site "Chess.com"]
[Date "2020.11.03"]
[Round "5"]
[White "German_Bazeev"]
[Black "Skatchkov_V"]
[Result "1-0"]
[WhiteElo "2740"]
[BlackElo "2494"]
[TimeControl "180+1"]
[EndTime "10:58:55 PST"]
[Termination "German_Bazeev won by resignation"]

1. d4 Nf6 2. Nf3 e6 3. c4 b6 4.
Nc3 Bb4 5. Bg5 h6 6. Bh4 g5 7.
Bg3 Ne4 8. a3 Bxc3+ 9. bxc3 Bb7 10. Nd2 Nxg3 11. hxg3 d6 12. e4 Nd7 13. Bd3 Qf6 14. Qf3 Qg7 15. Qe3 O-O-O 16. a4 a5 17. Rb1 e5 18. O-O Rhe8 19. Nb3 exd4 20. cxd4 f5 21. c5 Bxe4 22. Ba6+ Kb8 23. Qd2 dxc5 24.
Rbc1 cxd4 25. Bb5 Re6 26. Rfe1 Rd6 27. Bd3 Bd5 28. Nxa5 bxa5 29. Qxa5 Nb6 30. Qb4 Bb7 31. a5 Qf7 32. axb6 Rxb6 33. Qc5 f4 34. Re7 Qd5 35.
Qxc7+ Ka7 36. Ra1+ 1-0

[Event "*** Titled Tuesday Blitz"]
[Site "Chess.com"]
[Date "2020.11.03"]
[Round "5"]
[White "QuintilianoR"]
[Black "CarlssonLudvig"]
[Result "1-0"]
[WhiteElo "2621"]
[BlackElo "2438"]
[TimeControl "180+1"]
[EndTime "10:58:55 PST"]
[Termination "QuintilianoR won on time"]

1. Nf3 c5 2. e4 d6 3. d4 cxd4 4. Nxd4 Nf6 5. Nc3 g6 6. Be3 Bg7 7. f3 Nc6 8. Qd2 O-O 9. O-O-O Bd7 10. g4 Ne5 11. Be2 Rc8 12. Kb1 Nc4 13. Bxc4 Rxc4 14. h4 h5 15. gxh5 Nxh5 16. Rhg1 e6 17. Nde2 Qxh4 18.
Qxd6 Bc6 19. Rh1 Qf6 20. Qd3 Bb5 21. Bd4 Rxd4 22. Qxd4 Qxf3 23. Qd2 Bxe2 24. Nxe2 Qxe4 25. Rdg1 Rc8 26. Nc1 Qe5 27. Nd3 Qb5 28. Rg5 Qb6 29. Ne5 Rd8 30. Qe1 Qd4 31. c3 Qf4 32. Rgxh5 gxh5 33.
Rxh5 Qg4 34. Nxg4 1-0

[Event "*** Titled Tuesday Blitz"]
[Site "Chess.com"]
[Date "2020.11.03"]
[Round "5"]
[White "arminmusovic"]
[Black "mortngabriel"]
[Result "1-0"]
[WhiteElo "2568"]
[BlackElo "2322"]
[TimeControl "180+1"]
[EndTime "10:58:55 PST"]
[Termination "arminmusovic won by resignation"]

1. a3 e5 2. Nc3 Nc6 3. e4 Bc5 4. Nf3 d6 5. h3 Nf6 6. Bc4 Be6 7. d3 O-O 8. Bg5 h6 9. Bh4 a6 10. O-O b5 11. Bd5 Bxd5 12. Nxd5 g5 13. Nxg5 Nxd5 14. exd5 hxg5 15. dxc6 gxh4 16. Qg4+ Kh7 17. Qh5+ Kg7 18. Qg4+ Kh6 19. Rae1 Rg8 20. Qf3 Qg5 21. Kh1 f5 22. c3 Bb6 23. d4 exd4 24. Re6+ Rg6 25. Rxg6+ Qxg6 26. cxd4 Re8 27. d5 Re4 28. Rg1 Qh5 29. g4 hxg3 30. Qxg3 Re7 31. Kh2 Bxf2 32. Qf4+ Kh7 33. Rg5 Bg3+ 34. Kxg3 Qh6 35. Qxf5+ Kh8 36. Rh5 Rg7+ 37. Kf2 1-0

[Event "*** Titled Tuesday Blitz"]
[Site "Chess.com"]
[Date "2020.11.03"]
[Round "5"]
[White "Igor_Lysyj"]
[Black "Borsuk_Konstantin"]
[Result "1-0"]
[WhiteElo "2820"]
[BlackElo "2590"]
[TimeControl "180+1"]
[EndTime "10:58:56 PST"]
[Termination "Igor_Lysyj won on time"]

1. d4 Nf6 2. Nf3 e6 3. c4 b6 4. g3 Bb7 5. Bg2 g6 6. Nc3 Ne4 7. d5 Nxc3 8. Qd4 Rg8 9. Qxc3 Bg7 10. Qd3 d6 11. dxe6 fxe6 12. h4 Nd7 13. Bg5 Nc5 14.
Qe3 Qd7 15. h5 Bxb2 16. Rb1 Qg7 17. hxg6 hxg6 18. Kf1 Bf6 19. Bh6 Qe7 20. Nd2 O-O-O 21. Bxb7+ Kxb7 22. Nb3 Nxb3 23. axb3 Kb8 24. b4 g5 25. Kg2 Qd7 26. Qf3 Be7 27. Rh5 d5 28.
Rd1 g4 29. Qd3 Bxb4 30. cxd5 exd5 31. Bf4 Bd6 32. Rxd5 Qc6 33. e4 Rge8 34. Rc1 Qb7 35. Bxd6 cxd6 36. Rc4 Re6 37. Qd1 Rg8 38. Rcd4 Qh7 39. Rxd6 1-0

[Event "*** Titled Tuesday Blitz"]
[Site "Chess.com"]
[Date "2020.11.03"]
[Round "5"]
[White "Trickov"]
[Black "kinga2008"]
[Result "1-0"]
[WhiteElo "2316"]
[BlackElo "2080"]
[TimeControl "180+1"]
[EndTime "10:58:56 PST"]
[Termination "Trickov won on time"]

1. d4 c5 2. c4 cxd4 3. Qxd4 Nf6 4. Nc3 Nc6 5. Qd1 g6 6. Nf3 Bg7 7. g3 O-O 8. Bg2 e6 9. O-O d5 10. cxd5 exd5 11. Bg5 Bg4 12. Bxf6 Bxf6 13. Qxd5 Bxc3 14. Qxd8 Raxd8 15. bxc3 Rfe8 16. e3 Rd3 17. Rfc1 Red8 18. Nd4 Nxd4 19. cxd4 b6 20. h3 Be6 21. Rc7 a5 22. Rb7 Rd6 23. a4 Rb3 24. Rd1 Bd5 25. Bxd5 Rxd5 26. e4 Rd6 27. d5 f6 28. Rc7 Rb4 29. Re7 Rxa4 30. Rc1 Rd8 31. Rcc7 Rb4 32. Rg7+ Kf8 33. Rxh7 Kg8 34. Rhg7+ Kf8 35. Rgf7+ Kg8 36.
Rxf6 Rxe4 37. Rxg6+ Kf8 38. Rxb6 a4 39. Ra6 1-0

[Event "*** Titled Tuesday Blitz"]
[Site "Chess.com"]
[Date "2020.11.03"]
[Round "5"]
[White "pedromartinez91"]
[Black "penguingm1"]
[Result "0-1"]
[WhiteElo "2590"]
[BlackElo "2817"]
[TimeControl "180+1"]
[EndTime "10:58:57 PST"]
[Termination "penguingm1 won by checkmate"]

1. b3 d5 2. Bb2 c5 3. e3 Nc6 4. Nf3 Nf6 5. Bb5 Qb6 6. a4 a6 7. Bxc6+ Qxc6 8. Ne5 Qc7 9. d3 g6 10. Nd2 Bg7 11. Nef3 O-O 12. O-O b6 13. e4 Rd8 14.
exd5 Rxd5 15. Re1 Bb7 16. Qe2 e6 17. Be5 Qe7 18. Nc4 Nd7 19. Bxg7 Kxg7 20. Qd2 Rh5 21. Qc3+ Kg8 22. Nfe5 Qg5 23. f3 Nf6 24. Qd2 Qh4 25. g3 Qd4+ 26. Qe3 Qxe3+ 27. Rxe3 Nd5 28. Ree1 Rd8 29. f4 f6 30. Ng4 Kf7 31. Nge3 g5 32.
fxg5 Rxg5 33. Nxd5 exd5 34. Nxb6 a5 35. c4 dxc4 36.
dxc4 Rd2 37. Rad1 Rg2+ 38. Kf1 Rf5# 0-1

[Event "*** Titled Tuesday Blitz"]
[Site "Chess.com"]
[Date "2020.11.03"]
[Round "5"]
[White "DraG0s3L"]
[Black "BlixLT"]
[Result "1-0"]
[WhiteElo "2595"]
[BlackElo "2392"]
[TimeControl "180+1"]
[EndTime "10:58:57 PST"]
[Termination "DraG0s3L won by resignation"]

1. Nf3 d5 2. c4 Nc6 3. cxd5 Qxd5 4.
Nc3 Qh5 5. g3 e5 6. Bg2 Bh3 7.
O-O Nf6 8. Qa4 Ng4 9. b4 Bxb4 10. Ba3 Bxa3 11. Qxa3 O-O-O 12. Rab1 Nd4 13. Qxa7 Bxg2 14. Qxb7+ Kd7 15. Kxg2 Nxf3 16. h3 Ng5 17. hxg4 Qh3+ 18. Kg1 f6 19. Ne4 Nxe4 20. Qxe4 h5 21. Rb7 hxg4 22. Rfb1 Qh2+ 23. Kf1 Qh1+ 24. Qxh1 Rxh1+ 25. Kg2 Rxb1 26. Rxb1 Kc6 27. d3 Ra8 28. Rb2 f5 29. f3 gxf3+ 30. Kxf3 Ra3 31. Rc2+ Kd6 32. g4 g6 33.
gxf5 gxf5 34. Ke3 Kd5 35. Rxc7 Rxa2 36. Rb7 f4+ 37. Kf3 Ra1 38. Rb5+ Ke6 39. Ke4 Re1 40. Rxe5+ Kd6 41. Kxf4 Rf1+ 42. Ke4 Re1 43. Kd4 Ra1 44. Rh5 Ra4+ 45. Ke3 1-0

[Event "*** Titled Tuesday Blitz"]
[Site "Chess.com"]
[Date "2020.11.03"]
[Round "5"]
[White "Manukyan_Artak"]
[Black "olksuna"]
[Result "0-1"]
[WhiteElo "2432"]
[BlackElo "2612"]
[TimeControl "180+1"]
[EndTime "10:58:57 PST"]
[Termination "olksuna won by resignation"]

1. e4 Nf6 2. Nc3 d5 3. exd5 Nxd5 4. Bc4 Nxc3 5. Qf3 e6 6. dxc3 Bd6 7. h4 Nc6 8. Bf4 Ne5 9. Bxe5 Bxe5 10. Ne2 O-O 11. Bd3 Bd6 12. O-O-O Qf6 13. Qxf6 gxf6 14. f4 f5 15. g3 Bd7 16. Rhe1 Kg7 17. Nd4 Kf6 18. Nf3 Rg8 19. Ne5 Bxe5 20. fxe5+ Ke7 21. Re3 Rg7 22. Rh1 Rag8 23. Rh3 Bc6 24. Bf1 Rg4 25. Be2 R4g7 26. Bf1 a5 27. b4 Rg4 28. Be2 Re4 29. Rxe4 Bxe4 30. Bf1 b6 31. Kb2 f6 32. exf6+ Kxf6 33. a3 e5 34. c4 axb4 35. axb4 Rd8 36. Kc3 Rd1 37. Bd3 Bf3 38. c5 bxc5 39. bxc5 e4 40. Bc4 e3 41. Rh2 Ke5 42. Be2 Bxe2 43. Rxe2 f4 44.
gxf4+ Kxf4 45. Kc4 Kf3 46. Rh2 e2 47. Rh3+ Kf4 0-1

[Event "*** Titled Tuesday Blitz"]
[Site "Chess.com"]
[Date "2020.11.03"]
[Round "5"]
[White "RaneshRatnesan"]
[Black "yobdc"]
[Result "0-1"]
[WhiteElo "2106"]
[BlackElo "2324"]
[TimeControl "180+1"]
[EndTime "10:58:57 PST"]
[Termination "yobdc won by checkmate"]

1. d4 e6 2. c4 f5 3. g3 Nf6 4. Bg2 c6 5. Nf3 d5 6. O-O Bd6 7. Nc3 O-O 8. Qc2 Nbd7 9. Rb1 Ne4 10. b4 Ndf6 11. c5 Bc7 12. b5 Nxc3 13. Qxc3 Ne4 14. Qc2 Qf6 15. Bf4 Bxf4 16. gxf4 Kh8 17. Ne5 Qh4 18.
bxc6 bxc6 19. Nxc6 Qxf4 20. e3 Qh4 21. f4 Ba6 22.
Rfc1 g5 23. fxg5 Qxg5 24. Re1 f4 25. exf4 Rxf4 26. Rxe4 dxe4 27. Ne5 Raf8 28. h3 Qg3 29. Kh1 Rf2 30. Qxe4 Bf1 31. Nf7+ R2xf7 32. Qe5+ Qxe5 33. dxe5 Bxg2+ 34. Kxg2 Rf2+ 35. Kg3 Rxa2 36. Rb7 Ra3+ 37. Kg2 Rc3 38. Rxa7 Rxc5 39. Ra2 Rxe5 40. Rd2 Rg5+ 41. Kh2 e5 42. Rc2 e4 43. Re2 Re8 44. Re3 h5 45. Kh1 h4 46. Kh2 Rg3 47. Re2 e3 48. Re1 Rf8 49. Re2 Rf2+ 50. Rxf2 exf2 51. Kh1 f1=Q+ 52.
Kh2 Qg1# 0-1

[Event "*** Titled Tuesday Blitz"]
[Site "Chess.com"]
[Date "2020.11.03"]
[Round "5"]
[White "Lion-Al-Messi"]
[Black "AlexeiShirov"]
[Result "0-1"]
[WhiteElo "2555"]
[BlackElo "2790"]
[TimeControl "180+1"]
[EndTime "10:58:58 PST"]
[Termination "AlexeiShirov won on time"]

1. d4 d5 2. Nf3 Nf6 3. Nc3 c6 4.
Bg5 Bf5 5. e3 Nbd7 6. Bd3 Bxd3 7.
cxd3 h6 8. Bf4 e6 9. O-O Be7 10. Ne5 O-O 11. Bg3 Qb6 12. Qe2 Rfc8 13. f4 c5 14. Qf2 cxd4 15. exd4 Bb4 16. f5 Bxc3 17. bxc3 Rxc3 18. fxe6 Qxe6 19. Rae1 Nxe5 20. Bxe5 Ng4 21. Qg3 Nxe5 22. Rxe5 Qd7 23. Ref5 Rf8 24. Qf3 Ra3 25. Rxd5 Qc6 26. Rf2 Qc1+ 27. Rf1 Qc2 28. Rd7 Rxd3 29. Qxb7 Qxa2 30. h3 Rb3 31. Qxa7 Ra3 32. Qc5 Ra5 33. Qc6 Rg5 34. Qf3 Qe6 35. Rb7 h5 36. h4 Rg4 37. d5 Qg6 38. d6 Qxd6 39. Rxf7 Qc5+ 0-1